 Dungeon Crawl Stone Soup version 0.30-a0-359-gd0147acb1a (webtiles) character file.

Game seed: 3961743296686469422

1283 purpskrrrp the Grasshopper (level 8, -1/75 (76) HPs)
             Began as a Troll Warper on Nov 11, 2022.
             Was an Initiate of Cheibriados.
             Slain by a black bear (5 damage)
             ... on level 7 of the Dungeon.
             The game lasted 00:11:22 (3982 turns).

purpskrrrp the Grasshopper (Troll Warper)           Turns: 3982, Time: 00:11:23

HP:   -1/75 (76)    AC:  4    Str: 21    XL:     8   Next: 29%
MP:   10/12         EV: 10    Int: 12    God:    Cheibriados [......]
Gold: 406           SH:  0    Dex: 10    Spells: 12/14 levels left

rFire   . . .      SeeInvis .      - Unarmed
rCold   . . .      Faith    .    (no shield)
rNeg    + . .      Spirit   .    p - +0 robe {rN+}
rPois   .          Reflect  .    (helmet restricted)
rElec   .          Harm     .    (no cloak)
rCorr   +          Rampage  .    (gloves unavailable)
Will    .....                    (boots unavailable)
Stlth   +.........               (no amulet)
HPRegen 1.12/turn                q - ring of resist corrosion
MPRegen 0.13/turn                (no ring)

@: lightly drained, very slow
A: large, unfitting armour, claws 3, regeneration 1, shaggy fur 1, tough skin 1
a: Renounce Religion


You were on level 7 of the Dungeon.
You worshipped Cheibriados.
Cheibriados was noncommittal.
You visited 2 branches of the dungeon, and saw 8 of its levels.
You also visited: Ossuary.

You collected 406 gold pieces.

Inventory:

Missiles
 c - 5 boomerangs of dispersal
Armour
 a - a +0 robe
 p - a +0 robe of positive energy (worn)
Jewellery
 q - a ring of resist corrosion (left claw)
Wands
 d - a wand of mindburst (1)
 l - a wand of polymorph (2)
Scrolls
 f - 2 scrolls of identify
Potions
 b - a potion of invisibility
 e - 2 potions of degeneration
 h - 3 potions of flight {unknown}
 i - 3 potions of brilliance
 j - 4 potions of haste
 k - 2 potions of might {unknown}
 m - a potion of magic {unknown}
 n - a potion of mutation {unknown}
 o - a potion of cancellation {unknown}
 r - a potion of attraction {unknown}


   Skills:
 + Level 3.6 Fighting
 - Level 0.8 Throwing
 + Level 2.1 Dodging
 + Level 4.3 Unarmed Combat
 * Level 3.8 Spellcasting
 * Level 4.9 Translocations


You had 12 spell levels left.
You knew the following spells:

 Your Spells              Type           Power      Damage    Failure   Level
a - Blink                 Tloc           28%        N/A       4%          2

Your spell library contained the following spells:

 Spells                   Type           Power      Damage    Failure   Level
 Lesser Beckoning         Tloc           28%        N/A       9%          3
 Teleport Other           Tloc           14%        N/A       9%          3
 Momentum Strike          Conj/Tloc      16%        3d8       12%         2
 Vhi's Electric Charge    Tloc/Air       16%        N/A       24%         3
 Manifold Assault         Tloc           14%        N/A       28%         4
 Ensorcelled Hibernation  Hex/Ice        4%         N/A       34%         2
 Passwall                 Tmut/Erth      1%         N/A       34%         2
 Swiftness                Air            2%         N/A       56%         3


Dungeon Overview and Level Annotations

Branches:
Dungeon (7/15)             Temple (1/1) D:5         Ossuary (visited)

Altars:
Cheibriados
Dithmenos
Elyvilon
Fedhas
Gozag
Hepliaklqana
Kikubaaqudgha
Makhleb
Okawaru
Qazlal
Ru
Sif Muna
Trog
Uskayaw
Vehumet
Xom
Yredelemnul
Zin
The Shining One

Shops:
D:4 (

Portals:
Bailey: D:7

Annotations:
D:3 1 runed translucent door, hikkokomori's ghost, weakling TrFi


Innate Abilities, Weirdness & Mutations

You are too large for most types of armour.
You have claws for hands.
Your natural rate of healing is unusually fast.
You are covered in fur. (AC +1)
You have tough skin. (AC +1)


Message History

The black bear barely misses you. x2; The yak gores you!
* * * LOW HITPOINT WARNING * * *
You feel better. The black bear bites you.
* * * LOW HITPOINT WARNING * * *
The black bear claws you.
* * * LOW HITPOINT WARNING * * *
The black bear claws you.
* * * LOW HITPOINT WARNING * * *
The yak gores you!
* * * LOW HITPOINT WARNING * * *
Okay, then.
Casting: Blink (safe; 4% risk of failure)
Confirm with . or Enter, or press ? or * to list all spells.
You blink.
Found three hand axes and 20 gold pieces.
Found a flagged portal.
You feel better. The black bear closely misses you. The black bear claws you.
* * * LOW HITPOINT WARNING * * *
The black bear closely misses you.
You scratch the black bear.
The black bear is heavily wounded.
The black bear bites you!
* * * LOW HITPOINT WARNING * * *
The black bear barely misses you. x2
Okay, then.
The black bear attacks as you move away!
The black bear barely misses you. The black bear claws you.
* * * LOW HITPOINT WARNING * * *
The black bear claws you.
* * * LOW HITPOINT WARNING * * *
You feel stable enough to blink again.
You barely miss the black bear.
The black bear is heavily wounded.
The black bear misses you. The black bear claws you.
* * * LOW HITPOINT WARNING * * *
The black bear claws you but does no damage.
You barely miss the black bear.
The black bear is heavily wounded.
The black bear bites you.
You die...

.... .... ....
... #.#### #
#....
#...##..#########
#......@hY.<....#
#..)...##.#####.#
..)∩$..#....
...)...# .###
....... .#
....... .#
.....#. ..
....... ..


You could see a yak and a black bear.

Vanquished Creatures
  Pikel (D:4)
  Eustachio (D:5)
  An ogre (D:4)
  A centaur (D:6)
  A phantom (D:5)
  4 lemures
  A necrophage (D:6)
  2 scorpions
  2 iguanas
  Ijyb (D:5)
  8 mummies (Ossuary)
  3 gnolls (D:5)
  2 adders
  A shadow imp (D:5)
  A worm (D:3)
  2 dart slugs
  An orc (D:3)
  5 endoplasms
  2 giant cockroaches
  A gnoll zombie (Ossuary)
  8 goblins
  3 hobgoblins
  10 jackals
  7 kobolds
  4 quokkas
  4 ball pythons (D:2)
  3 bats (D:2)
  6 frilled lizards
  2 hobgoblin zombies (Ossuary)
  A kobold zombie (Ossuary)
  4 orc zombies (Ossuary)
  5 rats
98 creatures vanquished.

Vanquished Creatures (others)
  17 plants (D:2)
17 creatures vanquished.

Grand Total: 115 creatures vanquished

Notes
Turn   | Place    | Note
-------+----------+-------------------------------------------
     0 | D:1      | purpskrrrp the Troll Warper began the quest for the Orb.
     0 | D:1      | Reached XP level 1. HP: 19/19 MP: 1/1
   203 | D:1      | Reached XP level 2. HP: 28/28 MP: 3/3
   233 | D:1      | Found a faded altar of an unknown god.
  1095 | D:2      | Reached XP level 3. HP: 34/35 MP: 4/4
  1421 | D:2      | Learned a level 2 spell: Blink
  1851 | D:3      | Reached XP level 4. HP: 32/42 MP: 5/5
  2157 | D:3      | Found a runed translucent door.
  2158 | D:3      | Noticed a centaur
  2158 | D:3      | Noticed hikkokomori's ghost (weakling TrFi)
  2220 | D:4      | Noticed an ogre
  2226 | D:4      | Killed an ogre
  2227 | D:4      | Reached XP level 5. HP: 36/49 MP: 7/7
  2269 | D:4      | Noticed a lemure
  2299 | D:4      | Killed a lemure
  2335 | D:4      | Noticed a lemure
  2343 | D:4      | Noticed a lemure
  2348 | D:4      | Killed a lemure
  2352 | D:4      | Noticed Pikel
  2359 | D:4      | Killed a lemure
  2365 | D:4      | Noticed a lemure
  2401 | D:3      | Killed a lemure
  2565 | D:4      | Found Figel's Antique Weapon Shoppe.
  2685 | D:4      | Killed Pikel
  2686 | D:4      | Reached XP level 6. HP: 40/61 MP: 7/9
  2686 | D:4      | Reached XP level 7. HP: 44/67 MP: 7/10
  2909 | D:5      | Entered Level 5 of the Dungeon
  2940 | D:5      | Found a sand-covered staircase.
  3022 | Ossuary  | Entered an ossuary
  3505 | D:5      | Noticed Eustachio
  3511 | D:5      | Killed Eustachio
  3512 | D:5      | Reached XP level 8. HP: 75/75 MP: 12/12
  3597 | D:5      | Found a staircase to the Ecumenical Temple.
  3607 | D:5      | Noticed Ijyb
  3610 | D:5      | Killed Ijyb
  3647 | Temple   | Entered the Ecumenical Temple
  3694 | Temple   | Became a worshipper of Cheibriados the Contemplative
  3977 | D:7      | Found a flagged portal.
  3980 | D:7      | HP: 2/75 [black bear (2)]
  3982 | D:7      | Slain by a black bear

Illustrated notes

Levels and vault maps discovered:
D:1:      lightli_iron_boxes, layout_basic, shapermc_ecumenical_altar_venn,
          minmay_quantized
D:2:      layout_basic, serial_bayou_lagoon_a
D:3:      layout_rooms, ebering_ghost_inner_flame,
          chequers_serial_rivers_micro_b, minmay_misc_feat_iff, corexii_shack
D:4:      layout_basic, serial_shops, nicolae_square_shop, uniq_pikel
D:5:      layout_basic, minmay_temple_entry_antechambers, enter_ossuary_1,
          uniq_ijyb, uniq_eustachio
D:6:      layout_rooms, minmay_misc_feat_tiny
D:7:      layout_basic, kennysheep_mini, enter_bailey_2, minmay_mini_ossuary
Temple:   hellmonk_temple_of_storms

Skill      XL: |  1  2  3  4  5  6  7  8 |
---------------+-------------------------+-----
Spellcasting   | 2 3 |  3.8
Fighting       | 2 3 |  3.6
Translocations | 3 4 |  4.9
Unarmed Combat | 3 4 |  4.3
Dodging        | 2 |  2.1
Throwing       | |  0.8

Action                   |  1- 3 |  4- 6 |  7- 9 || total
-------------------------+-------+-------+-------++-------
Melee: Unarmed           |   152 |    94 |   132 ||   378
       Punch             |     3 |     4 |     7 ||    14
Throw: Boomerang         |     2 |       |       ||     2
 Cast: Blink             |       |       |     2 ||     2
Evoke: Wand              |       |       |     9 ||     9
  Use: Scroll            |     8 |     1 |     5 ||    14
       Potion            |       |     5 |     5 ||    10
 Stab: Sleeping          |     2 |       |       ||     2
Armor: Robe              |    51 |     9 |    37 ||    97
Dodge: Dodged            |    66 |    35 |    89 ||   190

Table legend: (Time is in decaauts)
 A = Elapsed time spent in this place.
 B = Non-inter-level travel time spent in this place.
 C = Inter-level travel time spent in this place.
 D = Time resting spent in this place.
 E = Time spent auto-exploring this place.
 F = Levels seen in this place.
 G = Mean time per level.
                   A        B        C        D        E       F      G
               +--------+--------+--------+--------+--------+-----+--------+
         Total |   4023 |   3782 |    241 |    138 |   2764 |   9 |  447.0 |
       Dungeon |   3716 |   3502 |    214 |    100 |   2631 |   7 |  530.9 |
        Temple |     61 |     35 |     26 |      0 |     18 |   1 |   61.0 |
       Ossuary |    246 |    246 |      0 |     38 |    115 |   1 |  246.0 |
               +--------+--------+--------+--------+--------+-----+--------+

Top non-repeatable levels by time:
     D:1: 847 daAuts
     D:2: 811 daAuts
     D:5: 725 daAuts
     D:3: 627 daAuts
     D:4: 614 daAuts
 Ossuary: 246 daAuts
     D:6: 77 daAuts
  Temple: 61 daAuts
     D:7: 12 daAuts
